 Dungeon Crawl Stone Soup version 0.24.0-123-gd5b16e6ec5 (webtiles) character file.

Game seed: 7299025399023307140, levelgen mode: deterministic

44380 Pocketmage the Summoner (level 14, -7/95 HPs)
             Began as a Gnoll Summoner on Jan 2, 2020.
             Was a High Priest of Hepliaklqana.
             Shot with an arrow by Nessos (23 damage)
             ... on level 12 of the Dungeon.
             The game lasted 02:16:44 (29004 turns).

Pocketmage the Summoner (Gnoll Summoner)           Turns: 29004, Time: 02:16:45

Health: -7/95      AC: 17    Str: 12    XL:     14   Next: 28%
Magic:  0/28       EV: 16    Int: 26    God:    Hepliaklqana [*****.]
Gold:   1564       SH: 12    Dex: 26    Spells: 18/33 levels left

rFire    . . .     SeeInvis .   t - +1 rapier of Judgement {freeze, MR+ Dex+7 Stlth+}
rCold    . . .     Gourm    +   X - +0 shield
rNeg     . . .     Faith    .   y - +2 scale mail {rPois}
rPois    +         Spirit   +   Z - +0 helmet
rElec    .         Reflect  .   B - scarf {Spirit}
rCorr    .         Harm     .   q - +0 pair of gloves {Dex+3}
MR       ++...                  (no boots)
Stlth    +++.......             K - amulet of the gourmand
HPRegen  0.25/turn              E - +4 ring of protection
MPRegen  0.21/turn              I - +5 ring of intelligence

@: hasted, slow
A: distributed training, reduced essence, fangs 1, strong nose
a: Recall Ancestor, Ancestor Identity, Transference, Idealise, Renounce Religion


You were on level 12 of the Dungeon.
You worshipped Hepliaklqana.
Hepliaklqana was extremely pleased with you.
You were not hungry.

You visited 3 branches of the dungeon, and saw 19 of its levels.

You collected 1564 gold pieces.

Inventory:

Hand Weapons
 e - a +1 rapier of electrocution
 h - a +1 spear of venom
 m - a +0 spear of flaming
 t - the +1 rapier of Judgement (weapon) {freeze, MR+ Dex+7 Stlth+}
   (You found it on level 10 of the Dungeon)

   It has been specially enchanted to freeze those struck by it, causing extra
   injury to most foes and up to half again as much damage against particularly
   susceptible opponents.
   It can also slow down cold-blooded creatures.
   It affects your dexterity (+7).
   It affects your resistance to hostile enchantments.
   It makes you more stealthy.
 N - a +3 trident
Missiles
 s - 91 poisoned darts (quivered)
 W - 2 throwing nets
Armour
 f - a scarf of cloud immunity
 q - a +0 pair of gloves of dexterity (worn)
 y - a +2 scale mail of poison resistance (worn)
 B - a scarf of spirit shield (worn)
 L - a +2 leather armour of magic resistance
 X - a +0 shield (worn)
 Z - a +0 helmet (worn)
Jewellery
 d - an uncursed amulet of rage
 E - a +4 ring of protection (left hand)
 I - a +5 ring of intelligence (right hand)
 K - an amulet of the gourmand (around neck)
 V - an uncursed ring of positive energy
Wands
 b - a wand of paralysis (29)
 z - a wand of clouds (3)
 M - a wand of digging (7)
 O - a wand of iceblast (6)
 P - a wand of enslavement (11)
 T - a wand of flame (18)
 U - a wand of acid (14)
 Y - a wand of scattershot (6)
Scrolls
 a - a scroll of brand weapon
 l - 2 scrolls of enchant weapon
 u - a scroll of summoning
 w - a scroll of holy word
 A - a scroll of silence
 H - 4 scrolls of amnesia
 J - a scroll of vulnerability
 Q - 5 scrolls of remove curse
 R - a scroll of identify
Potions
 g - a potion of magic
 i - 2 potions of degeneration
 k - 4 potions of might
 n - a potion of flight
 o - 3 potions of agility
 p - 3 potions of ambrosia
 v - 2 potions of berserk rage
 x - 7 potions of curing
 C - a potion of haste
 D - 3 potions of brilliance
 F - a potion of lignification
Miscellaneous
 j - a crystal ball of energy
 S - a lightning rod (4/4)
Comestibles
 c - 30 rations


   Skills:
 + Level 8.9 Fighting
 + Level 8.9 Short Blades
 + Level 8.9 Long Blades
 + Level 8.9 Axes
 + Level 8.9 Maces & Flails
 + Level 8.9 Polearms
 + Level 8.9 Staves
 + Level 8.9 Slings
 + Level 8.9 Bows
 + Level 8.9 Crossbows
 + Level 8.9 Throwing
 + Level 8.9 Armour
 + Level 10.0 Dodging
 + Level 9.9 Stealth
 + Level 8.9 Shields
 + Level 8.9 Unarmed Combat
 + Level 10.2 Spellcasting
 + Level 7.4 Conjurations
 + Level 7.4 Hexes
 + Level 7.4 Charms
 + Level 10.3 Summonings
 + Level 7.4 Necromancy
 + Level 7.4 Translocations
 + Level 7.4 Transmutations
 + Level 7.4 Fire Magic
 + Level 7.4 Ice Magic
 + Level 7.4 Air Magic
 + Level 7.4 Earth Magic
 + Level 7.4 Poison Magic
 + Level 9.7 Invocations
 + Level 8.9 Evocations


You had 18 spell levels left.
You knew the following spells:

 Your Spells              Type           Power        Failure   Level  Hunger
a - Summon Small Mammal   Summ           ####         1%          1    None
b - Call Imp              Summ           ######..     1%          2    None
c - Call Canine Familiar  Summ           ######..     1%          3    None
d - Summon Ice Beast      Ice/Summ       ######..     10%         4    None
e - Summon Lightning Spi  Summ/Air       ######..     10%         4    None
f - Confusing Touch       Hex            ######       1%          1    None

Your spell library contained the following spells:

 Spells                   Type           Power        Failure   Level  Hunger
 Corona                   Hex            ######.      1%          1    None
 Magic Dart               Conj           ####         1%          1    None
 Searing Ray              Conj           ######       2%          2    None
 Slow                     Hex            ######..     2%          2    None
 Recall                   Summ/Tloc      N/A          3%          3    None
 Summon Guardian Golem    Hex/Summ       ######..     3%          3    None
 Confuse                  Hex            ######..     5%          3    None
 Dazzling Spray           Conj/Hex       ######       5%          3    None
 Gell's Gravitas          Tloc           ######....   5%          3    None
 Inner Flame              Hex/Fire       ######..     5%          3    None
 Portal Projectile        Hex/Tloc       ######       5%          3    None
 Animate Dead             Necr           N/A          19%         4    None
 Cause Fear               Hex            ######....   19%         4    None
 Force Lance              Conj/Tloc      ######..     19%         4    None
 Fulminant Prism          Conj/Hex       ######....   19%         4    None
 Iskenderun's Mystic Bla  Conj           ######..     19%         4    None
 Leda's Liquefaction      Hex/Erth       ######....   19%         4    None
 Petrify                  Tmut/Erth      ######..     19%         4    None
 Borgnjor's Vile Clutch   Necr/Erth      ######....   45%         5    ####...
 Irradiate                Conj/Tmut      ######....   45%         5    ####...
 Metabolic Englaciation   Hex/Ice        ######....   45%         5    ####...
 Yara's Violent Unravell  Hex/Tmut       ######....   45%         5    ####...
 Death Channel            Necr           ######....   95%         6    #####..
 Hydra Form               Tmut           ######....   95%         6    #####..
 Simulacrum               Ice/Necr       ######....   95%         6    #####..
 Statue Form              Tmut/Erth      ######...    95%         6    #####..
 Dragon Form              Tmut           ######....   100%        7    #######


Dungeon Overview and Level Annotations

Branches:
Dungeon (12/15)            Temple (1/1) D:6            Lair (6/6) D:10
 Shoals (0/4) Lair:4        Snake (0/4) Lair:3        Slime (0/5) Lair:6
    Orc: D:9-12

Altars:
Ashenzari
Cheibriados
Dithmenos
Elyvilon
Fedhas
Gozag
Hepliaklqana
Kikubaaqudgha
Makhleb
Nemelex Xobeh
Okawaru
Qazlal
Ru
Sif Muna
Trog
Uskayaw
Vehumet
Wu Jian
Xom
Yredelemnul
Zin
The Shining One
Jiyva

Shops:
D:4 %

Annotations:
D:10 2 transporters, Ehunaxa's ghost, journeyman HuWz
D:12 Nessos
Lair:5 3 runed translucent doors, Luam's ghost, journeyman OpFi


Innate Abilities, Weirdness & Mutations

Your experience applies equally to all skills.
You have very sharp teeth.
Your uncanny sense of smell can sniff out nearby items.
Your life essence is reduced to manifest your ancestor. (-10% HP)


Message History

The arrow burns you.
* * * LOW HITPOINT WARNING * * *
Septima gestures at the deep elf mage while chanting.
The deep elf mage resists with some effort.
The deep elf mage hits Septima but does no damage.
Septima hits the deep elf mage with a +0 dagger of draining.
Okay, then.
You feel better.
Nessos says, "Even if you were a mare, I'd kill you!"
The deep elf mage hits Septima but does no damage.
Septima barely misses the deep elf mage.
You feel yourself speed up.
Nessos shoots an arrow.
The arrow barely misses you.
The arrow hits the plant!!
The arrow burns the plant!
Nessos shoots an arrow.
You block the arrow.
You hear a splash.
Septima points at the deep elf mage and mumbles some strange words.
The deep elf mage resists with some effort.
The deep elf mage hits Septima with a +0 long sword.
Nessos shoots an arrow.
The arrow hits you!!
You die...

#.....# #####
#.([.K# #....
##.e(..# .. #.###
#..RK..###.. #.#
# +.....8...P.
#.###
#.cK###≈PP≈.
#....
#..K≈PP≈≈≈≈.
#####
#..(≈≈P♣≈≈≈≈
###@PP♣♣ ♣≈≈#
#P≈♣♣ ≈≈P# #####
#.≈P♣♣♣♣≈≈P#
#....
#.≈≈≈≈P♣≈PP#
#.... ##PP≈P≈P≈P#
#....
##.PP.≈######....
##.P≈...........
##...##########
#####


You could see the friendly Septima the hexer, Nessos, a deep elf mage and 3
kobolds.

Vanquished Creatures
  Rupert (Lair:3)
  2 hydras
  A two-headed ogre (D:9)
  5 death yaks
  A lindwurm (Lair:6)
  Pikel (D:7)
  2 manticores (Lair:6)
  An elephant (Lair:4)
  An ugly thing (D:11)
  6 black mambas
  5 spiny frogs
  Joseph (D:8)
  3 rime drakes
  4 komodo dragons
  A troll (D:10)
  A raiju (Lair:6)
  4 blink frogs
  A hornet (D:11)
  9 polar bears
  2 dream sheep (Lair:5)
  4 hippogriffs
  A wraith (D:11)
  A shadow (D:10)
  A hungry ghost (D:10)
  12 yaks
  A basilisk (Lair:6)
  2 wargs (Lair:6)
  6 water moccasins
  10 hell hounds
  7 porcupines
  2 orc warriors
  5 black bears
  A sky beast (D:7)
  A slave (D:7)
  An ice beast (D:11)
  3 phantoms
  2 ogres
  17 wolves
  5 crocodiles
  11 bullfrogs
  3 big kobolds
  A wyvern skeleton (D:10)
  A water moccasin zombie (D:5)
  A scorpion (D:11)
  2 wights (D:11)
  7 killer bees
  A howler monkey (D:9)
  3 crimson imps
  A bullfrog zombie (D:9)
  4 hounds
  3 orc priests
  A gnoll shaman (D:4)
  6 jellies
  2 orc wizards
  A bullfrog skeleton (D:5)
  A hexer (D:10)
  An iguana (D:4)
  A hell rat (Lair:3)
  3 worker ants
  A killer bee zombie (D:7)
  2 hound skeletons
  10 gnolls
  6 adders
  5 river rats
  2 shadow imps
  An adder zombie (D:6)
  An adder skeleton (D:6)
  2 worms
  3 leopard geckos
  15 orcs
  3 giant cockroaches
  4 goblins
  6 hobgoblins
  8 jackals
  3 quokkas
  2 bats
  2 frilled lizards
  20 kobolds
  A leopard gecko skeleton (D:5)
  6 rats
291 creatures vanquished.

Vanquished Creatures (collateral kills)
  5 hydras
  2 catoblepae (Lair:6)
  2 two-headed ogres
  5 death yaks (D:9)
  An unseen horror (D:11)
  A lindwurm (Lair:6)
  4 elephants (Lair:4)
  A black mamba (Lair:4)
  3 spiny frogs
  A rime drake (Lair:6)
  2 komodo dragons (Lair:5)
  2 polar bears (Lair:6)
  A hornet (D:12)
  4 blink frogs
  3 raiju (Lair:6)
  4 dream sheep
  A hippogriff (D:8)
  A spriggan (D:7)
  A wraith (D:9)
  21 yaks
  2 basilisks
  2 wargs (Lair:6)
  3 hell hounds (Lair:6)
  5 water moccasins
  A porcupine (Lair:3)
  6 sky beasts
  8 black bears
  2 ice beasts
  2 eyes of draining
  A phantom (D:10)
  An ogre (D:4)
  5 wolves
  10 centaurs
  A crocodile (Lair:5)
  2 big kobolds
  8 bullfrogs
  A scorpion (D:9)
  3 killer bees (D:7)
  2 wights (D:11)
  An electric eel (D:7)
  3 crimson imps
  A centaur zombie (D:2)
  2 jellies
  4 gnoll shamans (D:4)
  5 orc priests
  Jessica (D:2)
  2 hell rats (Lair:3)
  7 orc wizards
  3 worker ants
  A hound skeleton (D:4)
  26 gnolls
  7 adders
  5 river rats
  2 shadow imps
  An ooze (Lair:6)
  A worm (D:5)
  2 dart slugs
  15 orcs
  3 giant cockroaches
  2 hobgoblins (D:3)
  12 jackals
  2 kobolds (D:11)
  A quokka (D:2)
  A ball python (D:5)
  A frilled lizard (D:4)
  4 goblins
  9 rats
  3 fungi
257 creatures vanquished.

Vanquished Creatures (others)
  A wolf (Lair:6)
  18 hexers
  2 ancestors
  2 fungi (Lair:3)
  9 plants (Lair:6)
  3 toadstools (D:11)
35 creatures vanquished.

Grand Total: 583 creatures vanquished

Notes
Turn   | Place    | Note
-------+----------+-------------------------------------------
     0 | D:1      | Pocketmage the Gnoll Summoner began the quest for the Orb.
     0 | D:1      | Reached XP level 1. HP: 13/13 MP: 6/6
   437 | D:1      | Reached XP level 2. HP: 12/19 MP: 7/7
  1193 | D:2      | Reached XP level 3. HP: 18/25 MP: 7/9
  1281 | D:2      | Learned a level 3 spell: Call Canine Familiar
  1284 | D:2      | Learned a level 2 spell: Call Imp
  1353 | D:2      | Reached skill level 5 in Spellcasting
  1387 | D:2      | Noticed Jessica
  1395 | D:2      | Killed Jessica
  1395 | D:2      | Reached skill level 1 in Invocations
  1589 | D:2      | Reached skill level 1 in Fighting
  1589 | D:2      | Reached skill level 1 in Short Blades
  1589 | D:2      | Reached skill level 1 in Long Blades
  1589 | D:2      | Reached skill level 1 in Axes
  1589 | D:2      | Reached skill level 1 in Maces & Flails
  1589 | D:2      | Reached skill level 1 in Polearms
  1589 | D:2      | Reached skill level 1 in Staves
  1589 | D:2      | Reached skill level 1 in Slings
  1589 | D:2      | Reached skill level 1 in Bows
  1589 | D:2      | Reached skill level 1 in Crossbows
  1589 | D:2      | Reached skill level 1 in Throwing
  1589 | D:2      | Reached skill level 1 in Armour
  1589 | D:2      | Reached skill level 1 in Shields
  1589 | D:2      | Reached skill level 1 in Unarmed Combat
  1589 | D:2      | Reached skill level 1 in Evocations
  1674 | D:2      | Reached XP level 4. HP: 32/32 MP: 8/11
  2461 | D:3      | Reached skill level 1 in Conjurations
  2461 | D:3      | Reached skill level 1 in Hexes
  2461 | D:3      | Reached skill level 1 in Charms
  2461 | D:3      | Reached skill level 1 in Necromancy
  2461 | D:3      | Reached skill level 1 in Translocations
  2461 | D:3      | Reached skill level 1 in Transmutations
  2461 | D:3      | Reached skill level 1 in Fire Magic
  2461 | D:3      | Reached skill level 1 in Ice Magic
  2461 | D:3      | Reached skill level 1 in Air Magic
  2461 | D:3      | Reached skill level 1 in Earth Magic
  2461 | D:3      | Reached skill level 1 in Poison Magic
  2585 | D:3      | Reached XP level 5. HP: 37/37 MP: 5/12
  3116 | D:3      | Noticed a black bear
  3131 | D:3      | Killed a black bear
  3131 | D:3      | Reached XP level 6. HP: 42/44 MP: 6/13
  3427 | D:4      | Found Wuwkymn's Food Emporium.
  4163 | D:4      | Reached skill level 5 in Dodging
  4343 | D:4      | Learned a level 4 spell: Summon Ice Beast
  4348 | D:4      | Learned a level 4 spell: Summon Lightning Spire
  4929 | D:4      | Reached XP level 7. HP: 50/50 MP: 15/15
  5937 | D:5      | Entered Level 5 of the Dungeon
  6223 | D:5      | Reached skill level 5 in Stealth
  6595 | D:5      | Found a shadowy altar of Dithmenos.
  6664 | D:5      | Reached XP level 8. HP: 32/57 MP: 10/16
  7299 | D:6      | Found a staircase to the Ecumenical Temple.
  7392 | Temple   | Entered the Ecumenical Temple
  7627 | Temple   | Became a worshipper of Hepliaklqana the Forgotten
  8374 | D:6      | Found a bloodstained altar of Trog.
  8968 | D:7      | Reached XP level 9. HP: 48/58 MP: 7/18
  9060 | D:7      | Reached * piety under Hepliaklqana
 11201 | D:8      | Noticed Joseph
 11210 | D:8      | Killed Joseph
 11303 | D:8      | Noticed Pikel
 11387 | D:7      | Killed Pikel
 11387 | D:7      | Reached skill level 5 in Invocations
 11387 | D:7      | Reached XP level 10. HP: 65/65 MP: 20/20
 11618 | D:8      | Noticed a two-headed ogre
 11632 | D:8      | Killed a two-headed ogre
 11632 | D:8      | Reached skill level 5 in Fighting
 11632 | D:8      | Reached skill level 5 in Short Blades
 11632 | D:8      | Reached skill level 5 in Long Blades
 11632 | D:8      | Reached skill level 5 in Axes
 11632 | D:8      | Reached skill level 5 in Maces & Flails
 11632 | D:8      | Reached skill level 5 in Polearms
 11632 | D:8      | Reached skill level 5 in Staves
 11632 | D:8      | Reached skill level 5 in Slings
 11632 | D:8      | Reached skill level 5 in Bows
 11632 | D:8      | Reached skill level 5 in Crossbows
 11632 | D:8      | Reached skill level 5 in Throwing
 11632 | D:8      | Reached skill level 5 in Armour
 11632 | D:8      | Reached skill level 5 in Shields
 11632 | D:8      | Reached skill level 5 in Unarmed Combat
 11632 | D:8      | Reached skill level 5 in Evocations
 12005 | D:9      | Noticed a two-headed ogre
 12011 | D:9      | Killed a two-headed ogre
 12089 | D:9      | Reached ** piety under Hepliaklqana
 12090 | D:9      | Remembered your ancestor Septima as a hexer
 12402 | D:9      | Found a viscous altar of Jiyva.
 12848 | D:10     | Entered Level 10 of the Dungeon
 12854 | D:10     | Got a smoking rapier
 12855 | D:10     | Identified the cursed +1 rapier of Judgement {freeze, MR+
                  | Dex+7 Stlth+} (You found it on level 10 of the Dungeon)
 13234 | D:10     | Found a transporter.
 13235 | D:10     | Noticed a cyclops
 13241 | D:10     | Found a transporter.
 13244 | D:10     | Found a bloodstained altar of Trog.
 13244 | D:10     | Noticed Ehunaxa's ghost (journeyman HuWz)
 13245 | D:10     | Noticed a moth of wrath
 13246 | D:10     | Noticed a two-headed ogre
 13264 | D:10     | Noticed a death yak
 13264 | D:10     | Noticed a death yak
 13265 | D:10     | Noticed a death yak
 13265 | D:10     | Noticed a death yak
 13265 | D:10     | Noticed a death yak
 13265 | D:10     | Noticed a death yak
 13266 | D:10     | Noticed a death yak
 13271 | D:10     | Noticed a death yak
 13273 | D:10     | Noticed a death yak
 13374 | D:10     | Found a staircase to the Lair.
 13444 | D:10     | Reached XP level 11. HP: 70/72 MP: 13/22
 13592 | D:9      | Killed a death yak
 13755 | D:9      | Killed a death yak
 13902 | D:9      | Killed a death yak
 14035 | D:9      | Killed a death yak
 14035 | D:9      | Reached skill level 5 in Conjurations
 14035 | D:9      | Reached skill level 5 in Hexes
 14035 | D:9      | Reached skill level 5 in Charms
 14035 | D:9      | Reached skill level 5 in Necromancy
 14035 | D:9      | Reached skill level 5 in Translocations
 14035 | D:9      | Reached skill level 5 in Transmutations
 14035 | D:9      | Reached skill level 5 in Fire Magic
 14035 | D:9      | Reached skill level 5 in Ice Magic
 14035 | D:9      | Reached skill level 5 in Air Magic
 14035 | D:9      | Reached skill level 5 in Earth Magic
 14035 | D:9      | Reached skill level 5 in Poison Magic
 14463 | D:9      | Killed a death yak
 14737 | D:9      | Killed a death yak
 14778 | D:9      | Killed a death yak
 14820 | D:9      | Killed a death yak
 15139 | D:9      | Killed a death yak
 15831 | D:11     | Noticed a cyan ugly thing
 15851 | D:11     | Killed a cyan ugly thing
 16203 | D:11     | Killed an unseen horror
 16490 | D:11     | Noticed a two-headed ogre
 17146 | D:11     | Reached XP level 12. HP: 80/80 MP: 24/24
 17525 | D:11     | Killed a two-headed ogre
 18245 | Lair:1   | Entered Level 1 of the Lair of Beasts
 18269 | Lair:1   | Reached *** piety under Hepliaklqana
 19595 | Lair:2   | Noticed an eight-headed hydra
 19602 | Lair:2   | Killed an eight-headed hydra
 19854 | Lair:3   | Learned a level 1 spell: Confusing Touch
 19862 | Lair:3   | Noticed a death yak
 20084 | Lair:3   | Reached **** piety under Hepliaklqana
 20264 | Lair:3   | Found a staircase to the Snake Pit.
 20589 | Lair:3   | Killed a death yak
 21404 | Lair:4   | Found a staircase to the Shoals.
 21457 | Lair:4   | Noticed Rupert
 21496 | Lair:3   | Killed Rupert
 21496 | Lair:3   | Reached XP level 13. HP: 57/88 MP: 9/26
 22342 | Lair:4   | Reached ***** piety under Hepliaklqana
 22514 | Lair:5   | Found a runed translucent gate.
 22514 | Lair:5   | Found a runed translucent gate.
 22514 | Lair:5   | Found a runed translucent gate.
 22515 | Lair:5   | Noticed Luam's ghost (journeyman OpFi)
 23411 | Lair:6   | Entered Level 6 of the Lair of Beasts
 24416 | Lair:5   | Found a runed translucent gate.
 24416 | Lair:5   | Found a runed translucent gate.
 24417 | Lair:5   | Found a runed translucent gate.
 25372 | Lair:6   | Reached skill level 10 in Summonings
 25908 | Lair:6   | Found a runed translucent door.
 25908 | Lair:6   | Found a viscous altar of Jiyva.
 25908 | Lair:6   | Found a staircase to the Slime Pits.
 26748 | Lair:6   | Reached skill level 10 in Spellcasting
 26749 | Lair:6   | Reached XP level 14. HP: 65/95 MP: 9/28
 27809 | Lair:5   | Reached skill level 10 in Dodging
 28869 | D:12     | Paralysed by a hornet for 2 turns
 28992 | D:12     | Noticed Nessos
 29004 | D:12     | Shot with an arrow by Nessos

Levels and vault maps discovered:
D:1:      dpeg_arrival_ratfight, layout_basic
D:2:      layout_basic, hangedman_decor_points, uniq_jessica
D:3:      layout_loops_ring, first_ration
D:4:      lemuel_castle_with_subvaults [lemuel_castle_interior_carwin_3],
          layout_basic, serial_shops, shop
D:5:      layout_basic, portal_sewer_entry_e, nicolae_dithmenos_the_darkroom
D:6:      minmay_chambers_of_fours, layout_cave_pods, kennysheep_mini,
          minmay_temple_entry_tees, minmay_fountain_box, minmay_misc_feat_room,
          kennysheep_generic_room_11
D:7:      layout_layer_cave, fountainhead, the_bakery, minmay_misc_feat_x
D:8:      layout_cave_pools, uniq_joseph, uniq_pikel
D:9:      layout_long_grid, jiyva_altar_1
D:10:     layout_rooms, dpeg_lair_monsters, gammafunk_ghost_wrathful_warriors
D:11:     layout_small_grid, minmay_gold_behind_fungi,
          minmay_misc_feat_secret_circle
D:12:     layout_basic, orc_david_3, serial_bayou_pond_c, uniq_nessos
Temple:   roderic_octagonal_lattice_temple
Lair:1:   layout_gridlike, grunt_megastairs_3
Lair:2:   layout_cave_pods, st_stairs_7, infiniplex_staircase_pool
Lair:3:   layout_regular_city, guppyfry_snake_entry_garden,
          kennysheep_abandoned_house, serial_bayou_shore_b
Lair:4:   layout_misc_corridors, elwin_shoals_entry_rocks, grunt_megastairs_1,
          uniq_rupert
Lair:5:   layout_small_grid, gammafunk_ghost_split, serial_rivers,
          chequers_serial_rivers_small_b, chequers_serial_rivers_marsh,
          chequers_serial_rivers_marsh, chequers_serial_rivers_small_a,
          chequers_serial_rivers_small_a, chequers_serial_rivers_micro_e,
          nicolae_lair_grove_arrangements, chequers_serial_rivers_micro_d
Lair:6:   hangedman_lair_caniforms_friends, layout_hall_layers,
          hangedman_lair_in_review, slime_altar_2

Skill      XL: |  1  2  3  4  5  6  7  8  9 10 11 12 13 14 |
---------------+-------------------------------------------+-----
Spellcasting   | 5 6 7 8 9 10 | 10.2
Invocations    | 1 2 3 4 5 6 7 8 9 |  9.7
Fighting       | 1 2 3 4 5 6 7 8 |  8.9
Short Blades   | 1 2 3 4 5 6 7 8 |  8.9
Long Blades    | 1 2 3 4 5 6 7 8 |  8.9
Axes           | 1 2 3 4 5 6 7 8 |  8.9
Maces & Flails | 1 2 3 4 5 6 7 8 |  8.9
Polearms       | 1 2 3 4 5 6 7 8 |  8.9
Staves         | 1 2 3 4 5 6 7 8 |  8.9
Slings         | 1 2 3 4 5 6 7 8 |  8.9
Bows           | 1 2 3 4 5 6 7 8 |  8.9
Crossbows      | 1 2 3 4 5 6 7 8 |  8.9
Throwing       | 1 2 3 4 5 6 7 8 |  8.9
Armour         | 1 2 3 4 5 6 7 8 |  8.9
Shields        | 1 2 3 4 5 6 7 8 |  8.9
Unarmed Combat | 1 2 3 4 5 6 7 8 |  8.9
Evocations     | 1 2 3 4 5 6 7 8 |  8.9
Conjurations   | 1 2 3 4 5 6 7 |  7.4
Hexes          | 1 2 3 4 5 6 7 |  7.4
Charms         | 1 2 3 4 5 6 7 |  7.4
Necromancy     | 1 2 3 4 5 6 7 |  7.4
Translocations | 1 2 3 4 5 6 7 |  7.4
Transmutations | 1 2 3 4 5 6 7 |  7.4
Fire Magic     | 1 2 3 4 5 6 7 |  7.4
Ice Magic      | 1 2 3 4 5 6 7 |  7.4
Air Magic      | 1 2 3 4 5 6 7 |  7.4
Earth Magic    | 1 2 3 4 5 6 7 |  7.4
Poison Magic   | 1 2 3 4 5 6 7 |  7.4
Dodging        | 5 6 7 8 9 10 | 10.0
Stealth        | 5 6 7 8 9 |  9.9
Summonings     | 8 9 10 | 10.3

Action                   |  1- 3 |  4- 6 |  7- 9 | 10-12 | 13-15 || total
-------------------------+-------+-------+-------+-------+-------++-------
Melee: Unarmed           |    15 |       |       |       |       ||    15
       Spear             |    66 |   174 |    69 |       |     1 ||   310
       Bite              |     5 |    11 |    17 |    88 |   108 ||   229
       Halberd           |       |       |   247 |    89 |       ||   336
       Rapier            |       |       |       |   522 |   572 ||  1094
       Punch             |       |       |       |    18 |       ||    18
 Cast: Summon Small Mamm |    10 |       |       |       |       ||    10
       Call Canine Famil |     3 |    13 |    31 |    20 |     9 ||    76
       Call Imp          |     2 |    23 |    53 |    46 |    14 ||   138
       Summon Lightning  |       |     3 |     1 |    20 |    25 ||    49
       Summon Ice Beast  |       |       |     2 |     9 |    35 ||    46
       Confusing Touch   |       |       |       |     3 |     9 ||    12
Invok: Ancestor Identity |       |       |     2 |       |       ||     2
       Recall Ancestor   |       |       |     1 |     6 |     2 ||     9
       Ancestor Life: He |       |       |       |     1 |       ||     1
Evoke: Wand              |       |       |       |       |     7 ||     7
       Lightning rod     |       |       |       |       |     3 ||     3
       Crystal ball of e |       |       |       |       |     3 ||     3
  Use: Scroll            |       |    12 |     2 |    15 |     8 ||    37
       Potion            |       |       |     1 |       |     6 ||     7
 Stab: Sleeping          |     5 |     9 |     5 |    23 |     5 ||    47
       Distracted        |       |     2 |     3 |    20 |    16 ||    41
       Confused          |       |       |       |     9 |     8 ||    17
       Petrified         |       |       |       |       |     2 ||     2
       Petrifying        |       |       |       |       |     1 ||     1
  Eat: Chunk             |     2 |     8 |    20 |    19 |    18 ||    67
       Ration            |       |     1 |     1 |     5 |     2 ||     9
Armor: Robe              |     6 |     6 |    10 |       |       ||    22
       Scale mail        |       |       |   121 |   223 |   252 ||   596
Dodge: Dodged            |    31 |    77 |   247 |   351 |   378 ||  1084
Block: Shield            |       |       |       |    87 |   431 ||   518
